 Dungeon Crawl Stone Soup version 0.28-a0-915-gcd63401287 (webtiles) character file.

Game seed: 11401760604996749149

49 mcbry74 the Slasher (level 3, 0/31 HPs)
             Began as a Palentonga Berserker on Nov 25, 2021.
             Was a Believer of Trog.
             Slain by Ijyb (1 damage)
             ... on level 3 of the Dungeon.
             The game lasted 00:08:42 (1899 turns).

mcbry74 the Slasher (Palentonga Berserker)          Turns: 1899, Time: 00:08:43

Health: 0/31       AC:  4    Str: 21    XL:     3   Next: 51%
Magic:  3/3        EV: 10    Int:  7    God:    Trog [**....]
Gold:   137        SH:  0    Dex:  9    Spells: 2/2 levels left

rFire   . . .      SeeInvis +   a - +0 falchion
rCold   . . .      Faith    .   (no shield)
rNeg    . . .      Spirit   .   b - +0 animal skin
rPois   .          Reflect  .   (no helmet)
rElec   .          Harm     .   (no cloak)
rCorr   .          Rampage  .   (no gloves)
Will    .....                   (no barding)
Stlth   +.........              (no amulet)
HPRegen 0.10/turn               d - ring of wizardry
MPRegen 0.08/turn               (no ring)

@: no status effects
A: large, rugged brown scales 3, see invisible, deformed body, roll 1, armoured
tail
a: Rolling Charge, Renounce Religion, Berserk, Trog's Hand


You were on level 3 of the Dungeon.
You worshipped Trog.
Trog was pleased with you.
You visited 1 branch of the dungeon, and saw 3 of its levels.

You collected 137 gold pieces.

Inventory:

Hand Weapons
 a - a +0 falchion (weapon)
 c - a +1 spear of venom
Armour
 b - a +0 animal skin (worn)
Jewellery
 d - a ring of wizardry (left hand)
Scrolls
 e - a scroll of enchant armour {unknown}
 f - a scroll of magic mapping {unknown}
 g - a scroll of fog {unknown}
 k - a scroll of identify {unknown}
 l - a scroll of blinking {unknown}
 o - a scroll of amnesia {unknown}
Potions
 h - a potion of haste {unknown}
 i - a potion of degeneration {unknown}
 j - a potion of brilliance {unknown}
 m - a potion of heal wounds {unknown}
 n - 2 potions of mutation {unknown}


   Skills:
 + Level 3.5 Fighting
 + Level 3.5 Long Blades
 - Level 2.0 Armour
 - Level 2.0 Dodging


You had 2 spell levels left.
You didn't know any spells.
Your spell library was empty.

Dungeon Overview and Level Annotations

Branches:
Dungeon (3/15)

Altars:

Shops:
D:2 [

Annotations:
D:3 Ijyb


Innate Abilities, Weirdness & Mutations

You are completely covered in rugged brown scales. (AC +3, +7% HP)
You have supernaturally acute eyesight. (SInv)
Armour fits poorly on your strangely shaped body.
You can roll at nearby foes to attack.
You have a long armoured tail.


Message History

You feel sick.
The kobold throws a poisoned dart.
The poisoned dart barely misses you.
Ijyb zaps a wand.
Some rock shatters into small pieces.
You feel sick.
You are no longer poisoned.
Roll where?
Press: ? - help, Dir - move target, f - kobold
Aim: a kobold, wielding a +0 short sword and quivering poisoned darts You roll forward with a clatter of scales!
A dart slug comes into view.
You closely miss the kobold.
You hear an angry hiss.
The kobold completely misses you.
You closely miss the kobold. The kobold hits you but does no damage.
You hit Ijyb.
Ijyb is lightly wounded.
The kobold hits you but does no damage. Ijyb hits you with a +0 dagger.
You hit Ijyb but do no damage.
Ijyb is lightly wounded.
The kobold barely misses you. Ijyb barely misses you.
A giant cockroach comes into view.
You hit Ijyb but do no damage.
Ijyb is lightly wounded.
The kobold hits you with a +0 short sword.
Ijyb hits you with a +0 dagger.
You hit Ijyb but do no damage.
Your tail-slap misses Ijyb.
Ijyb is lightly wounded.
The kobold barely misses you. Ijyb hits you with a +0 dagger.
* * * LOW HITPOINT WARNING * * *
You closely miss Ijyb.
Ijyb is lightly wounded.
The kobold barely misses you. Ijyb hits you with a +0 dagger.
* * * LOW HITPOINT WARNING * * *
The kobold hits you but does no damage.
You barely miss Ijyb.
Ijyb is lightly wounded.
Ijyb hits you with a +0 dagger.
* * * LOW HITPOINT WARNING * * *
Ijyb hits you with a +0 dagger.
You die...

##.....## ####.....#
#.##### ##+# ### #.#
#... ..# #.# #
###..# #.# #.#
#.#....#####.# #.#
#........##.# #†#
###..........# #.#
........@K.#..####.#
####....#g......[..#
###...w....######
##...##...#
#...♣.....#
#.≈≈.≈≈≈≈♣.
#..≈≈≈≈≈≈≈≈P.
#P≈♣≈≈≈≈≈≈♣≈P#
#P.≈≈≈≈≈≈≈≈ .


You could see Ijyb, a dart slug and a kobold.

Vanquished Creatures
  An adder (D:2)
  A worm (D:3)
  A ball python (D:2)
  4 endoplasms
  2 giant cockroaches (D:1)
  3 goblins
  3 hobgoblins
  4 jackals (D:3)
  4 kobolds
  A quokka (D:1)
  4 bats
  A frilled lizard (D:1)
  4 rats
33 creatures vanquished.

Vanquished Creatures (others)
  15 plants (D:3)
15 creatures vanquished.

Grand Total: 48 creatures vanquished

Notes
Turn   | Place    | Note
-------+----------+-------------------------------------------
     0 | D:1      | mcbry74 the Palentonga Berserker began the quest for the
                  | Orb.
     0 | D:1      | Reached XP level 1. HP: 19/19 MP: 1/1
   357 | D:1      | Reached XP level 2. HP: 25/25 MP: 2/2
  1396 | D:2      | Reached XP level 3. HP: 30/31 MP: 3/3
  1484 | D:2      | Found Piekem's Antique Armour Emporium.
  1699 | D:3      | Reached ** piety under Trog
  1884 | D:3      | Noticed Ijyb
  1899 | D:3      | HP: 1/31 [Ijyb (3)]
  1899 | D:3      | Slain by Ijyb

Illustrated notes

Levels and vault maps discovered:
D:1:      amcnicky_arrival_choice, layout_basic, minmay_pentomino_z4
D:2:      layout_rooms, serial_shops,
          nicolae_shop_temple_entry_statues_fountains
D:3:      layout_loops_corners, serial_bayou, serial_bayou_lagoon_a,
          serial_bayou_pond_b, serial_bayou_pond_a, serial_bayou_crossing,
          minmay_misc_feat_room, uniq_natasha, uniq_terence, uniq_ijyb

Skill      XL: |  1  2 |
---------------+-------+-----
Armour         | 2 |  2.0
Dodging        | 2 |  2.0
Fighting       | |  3.5
Long Blades    | |  3.5

Action                   || total
-------------------------++-------
Melee: Falchion          ||    93
       Tailslap          ||     8
 Abil: Rolling Charge    ||    13
Armor: Animal skin       ||    43
Dodge: Dodged            ||    49

Table legend: (Time is in decaauts)
 A = Elapsed time spent in this place.
 B = Non-inter-level travel time spent in this place.
 C = Inter-level travel time spent in this place.
 D = Time resting spent in this place.
 E = Time spent auto-exploring this place.
 F = Levels seen in this place.
 G = Mean time per level.
                   A        B        C        D        E       F      G
               +--------+--------+--------+--------+--------+-----+--------+
         Total |   1910 |   1870 |     40 |     97 |   1482 |   3 |  636.7 |
       Dungeon |   1910 |   1870 |     40 |     97 |   1482 |   3 |  636.7 |
               +--------+--------+--------+--------+--------+-----+--------+

Top non-repeatable levels by time:
     D:1: 1223 daAuts
     D:2: 459 daAuts
     D:3: 227 daAuts
